 Dungeon Sprint DCSS version 0.20.1-1-g8b1a95d (webtiles) character file.

7033 Fang the Severer (level 11, -17/81 HPs)
             Began as a Gargoyle Berserker on Oct 19, 2018.
             Was the Champion of Trog.
             Demolished by a reaper
             ... wielding a +4 scythe of slicing
             ... summoned by a guardian mummy's death curse
              (31 damage)
             ... in the Dungeon (Sprint VII: "The Pits").
             The game lasted 00:03:25 (1557 turns).

Fang the Severer (Gargoyle Berserker)               Turns: 1557, Time: 00:03:25

Health: -17/81     AC: 25    Str: 24    XL:     11   Next: 8%
Magic:  11/11      EV: 15    Int:  8    God:    Trog [******]
Gold:   0          SH:  0    Dex:  9    Spells: 10/10 levels left

rFire    . . .     SeeInvis .   v - +2 war axe (chop)
rCold    . . .     Gourm    .   (no shield)
rNeg     + . .     Faith    .   o - +2 plate armour
rPois    ∞         Spirit   .   (no helmet)
rElec    +         Reflect  .   (no cloak)
rCorr    .         Harm     .   (no gloves)
MR       .....     NoTele   +   (no boots)
Stlth    ..........             (no amulet)
Regen    0.3/turn               r - +3 ring of evasion
MPRegen  0.2/turn               u - +3 ring of evasion

@: no status effects
A: negative energy resistance 1, electricity resistance, unbreathing,
petrification resistance, rot immunity, AC +7
a: Berserk, Trog's Hand, Brothers in Arms, Burn Spellbooks, Renounce Religion


You were in the Dungeon.
You worshipped Trog.
Trog was exalted by your worship.
You were not hungry.

You visited 1 branch

Inventory:

Hand Weapons
 q - a +4 antimagic battleaxe
 v - a +2 war axe of chopping (weapon)
Armour
 o - a +2 plate armour (worn)
Jewellery
 r - a +3 ring of evasion (left hand)
 u - a +3 ring of evasion (right hand)
Wands
 b - a wand of random effects (23/48)
Scrolls
 i - a scroll of blinking
 k - 3 scrolls of remove curse
 l - a scroll of summoning
Potions
 a - 2 potions of invisibility
 d - 7 potions of curing
 e - 8 potions of heal wounds
 f - a potion of haste
 g - 4 potions of magic
 h - 4 potions of berserk rage
 s - a potion of might
 t - 2 potions of agility
Comestibles
 c - 8 bread rations
 j - 11 chunks of flesh
 m - 40 fruits
 n - 7 meat rations


   Skills:
 + Level 15.0 Fighting
 + Level 15.8 Axes
 + Level 12.9 Armour
 + Level 5.5 Dodging
 + Level 0.2 Stealth


You had 10 spell levels left.
You didn't know any spells.

Dungeon Overview and Level Annotations

Branches:
Dungeon (1/1)

Altars:
Ashenzari
Cheibriados
Dithmenos
Elyvilon
Fedhas
Gozag
Hepliaklqana
Kikubaaqudgha
Makhleb
Nemelex Xobeh
Okawaru
Qazlal
Ru
Sif Muna
Trog
Uskayaw
Vehumet
Xom
Yredelemnul
Zin
The Shining One
Beogh
Jiyva
Lugonu


Innate Abilities, Weirdness & Mutations

You are resistant to torment.
Your stone body is resilient. (AC +7)
You are immune to poison.
You resist negative energy. (rN+)
You are resistant to electric shocks. (rElec)
You can survive without breathing.
You are immune to petrification.
You are immune to rotting.


Message History

You hit the reaper but do no damage.
The reaper is heavily wounded.
The reaper barely misses you.
You completely miss the reaper.
The reaper is heavily wounded.
You hit the reaper but do no damage.
The reaper is heavily wounded.
The reaper hits you with a scythe of slicing!
You slash the reaper!
The reaper is severely wounded.
You hit the reaper.
The reaper is severely wounded.
The reaper hits you with a scythe of slicing!!
* * * LOW HITPOINT WARNING * * *
x2 You hit the reaper but do no damage.
The reaper is severely wounded.
You closely miss the reaper.
The reaper is severely wounded.
The reaper hits you with a scythe of slicing!!
You die...

......##..##..##'##..##...#
......##(.#.)##...##..'...#
......##..#..#.....#))#...#
########..)(.'.....').)...+
########..#(.#.....#..#...#
.#..[[##..#.(##...##..'...#
.#..[[##..##..##'##..##...#
.'..))##...##.+.(.+.##.....#
.#.!))##....###.@2##
...#...# .#!.))##......#...+
..###...#
################### ### ####


You could see a reaper.

Vanquished Creatures
  A two-headed ogre (D)
  A wizard (D)
  A phantasmal warrior (D)
  A cyclops (D)
  An elephant (D)
  Maurice (D)
  An orange demon (D)
  A kobold demonologist (D)
  A guardian mummy (D)
  A red devil (D)
  Grinder (D)
  A polar bear (D)
  A hornet (shapeshifter) (D)
  2 flying skulls (D)
  6 yaks (D)
  A wyvern (D)
  A basilisk (D)
  2 acid dragons (D)
  A soldier ant (D)
  3 floating eyes (D)
  Purgy (D)
  A centaur (D)
  2 big kobolds (D)
  A scorpion (D)
  5 wights (D)
  A quasit (D)
  An orc wizard (D)
  Jessica (D)
  Terence (D)
  A worker ant (D)
  A mummy (D)
  An adder (D)
  A gnoll (D)
  A river rat (D)
  An ufetubus (D)
  A leopard gecko (D)
  3 orcs (D)
  A bat skeleton (D)
  A kobold (D)
  A quokka (D)
  A ball python (D)
  A rat (D)
58 creatures vanquished.

Notes
Turn   | Place    | Note
-------+----------+-------------------------------------------
     0 | D        | Fang the Gargoyle Berserker began the quest for the Orb.
     0 | D        | Reached XP level 1. HP: 14/14 MP: 1/1
    21 | D        | Found a bloodstained altar of Trog.
    21 | D        | Found a deep blue altar of Sif Muna.
    21 | D        | Found a viscous altar of Jiyva.
    21 | D        | Found a hazy altar of Hepliaklqana.
    21 | D        | Found an opulent altar of Gozag.
    22 | D        | Found a glowing golden altar of the Shining One.
    22 | D        | Found a glowing silver altar of Zin.
    22 | D        | Found a basalt altar of Yredelemnul.
    22 | D        | Found a shimmering altar of Xom.
    22 | D        | Found a sacrificial altar of Ru.
    22 | D        | Found a stormy altar of Qazlal.
    22 | D        | Found an iron altar of Okawaru.
    22 | D        | Found a sparkling altar of Nemelex Xobeh.
    22 | D        | Found a burning altar of Makhleb.
    22 | D        | Found a blossoming altar of Fedhas.
    22 | D        | Found a white marble altar of Elyvilon.
    22 | D        | Found a shadowy altar of Dithmenos.
    22 | D        | Found a snail-covered altar of Cheibriados.
    24 | D        | Found a radiant altar of Vehumet.
    24 | D        | Found a corrupted altar of Lugonu.
    24 | D        | Found a roughly hewn altar of Beogh.
    63 | D        | Noticed a floating eye
    66 | D        | Paralysed by a floating eye for 4 turns
    74 | D        | Killed a floating eye
    74 | D        | Reached ** piety under Trog
    74 | D        | Reached XP level 2. HP: 16/23 MP: 2/2
    74 | D        | Reached XP level 3. HP: 19/28 MP: 3/3
    74 | D        | Reached XP level 4. HP: 22/32 MP: 4/4
   274 | D        | Noticed a floating eye
   277 | D        | Paralysed by a floating eye for 4 turns
   283 | D        | Paralysed by a floating eye for 3 turns
   287 | D        | Killed a floating eye
   287 | D        | Reached XP level 5. HP: 40/40 MP: 5/5
   303 | D        | Reached *** piety under Trog
   307 | D        | Reached XP level 6. HP: 36/45 MP: 6/6
   320 | D        | Reached skill level 5 in Armour
   481 | D        | Noticed Purgy
   481 | D        | Noticed Terence
   482 | D        | Noticed a flying skull
   487 | D        | Reached **** piety under Trog
   493 | D        | Killed Purgy
   493 | D        | Received a gift from Trog
   495 | D        | Killed a flying skull
   495 | D        | Reached skill level 10 in Fighting
   495 | D        | Reached XP level 7. HP: 53/53 MP: 7/7
   507 | D        | Killed Terence
   507 | D        | Reached skill level 10 in Axes
   513 | D        | Reached ***** piety under Trog
   569 | D        | Noticed a polar bear
   594 | D        | Killed a polar bear
   594 | D        | Reached XP level 8. HP: 13/60 MP: 8/8
   829 | D        | Noticed Grinder
   830 | D        | Paralysed by a floating eye for 3 turns
   842 | D        | Reached skill level 5 in Dodging
   853 | D        | Paralysed by Grinder for 2 turns
   865 | D        | Killed Grinder
   883 | D        | Noticed a flying skull
   883 | D        | Noticed an elephant
   883 | D        | Noticed a kobold demonologist
   891 | D        | Killed a flying skull
   892 | D        | Killed a kobold demonologist
   892 | D        | Reached XP level 9. HP: 66/66 MP: 9/9
   896 | D        | Killed an elephant
  1125 | D        | Found a hide-covered altar of Uskayaw.
  1125 | D        | Found an ancient bone altar of Kikubaaqudgha.
  1125 | D        | Found a shattered altar of Ashenzari.
  1148 | D        | Noticed a phantasmal warrior
  1149 | D        | Noticed Jessica
  1152 | D        | Killed Jessica
  1152 | D        | Reached ****** piety under Trog
  1155 | D        | Killed a phantasmal warrior
  1213 | D        | Noticed an orange demon
  1217 | D        | Reached skill level 10 in Armour
  1221 | D        | Killed an orange demon
  1299 | D        | Noticed a cyclops
  1307 | D        | Killed a cyclops
  1307 | D        | Received a gift from Trog
  1363 | D        | Noticed Maurice
  1375 | D        | Killed Maurice
  1375 | D        | Reached XP level 10. HP: 72/74 MP: 4/10
  1394 | D        | Received a gift from Trog
  1434 | D        | Received a gift from Trog
  1439 | D        | Reached skill level 15 in Axes
  1439 | D        | Received a gift from Trog
  1445 | D        | Noticed a two-headed ogre
  1446 | D        | Noticed a wizard
  1449 | D        | Paralysed by a wizard for 6 turns
  1457 | D        | Killed a wizard
  1462 | D        | Killed a two-headed ogre
  1462 | D        | Reached XP level 11. HP: 63/80 MP: 11/11
  1537 | D        | Received a gift from Trog
  1545 | D        | Reached skill level 15 in Fighting
  1545 | D        | Noticed a reaper
  1557 | D        | Demolished by a reaper

Skill      XL: |  1  2  3  4  5  6  7  8  9 10 11 |
---------------+----------------------------------+-----
Axes           | 6 7 9 10 11 13 15 | 15.8
Fighting       | 6 8 10 11 12 13 14 15 | 15.0
Armour         | 3 4 5 6 8 11 12 | 12.9
Dodging        | 2 3 4 5 |  5.5
Stealth        | |  0.2

Action                   |  1- 3 |  4- 6 |  7- 9 | 10-12 || total
-------------------------+-------+-------+-------+-------++-------
Melee: Hand axe          |    12 |    45 |    82 |       ||   139
       War axe           |       |       |    28 |    70 ||    98
Invok: Berserk           |       |     1 |     3 |     1 ||     5
  Eat: Chunk             |       |       |     5 |     2 ||     7
Armor: Animal skin       |     5 |    10 |       |       ||    15
       Plate armour      |       |     9 |    76 |    33 ||   118
Dodge: Dodged            |     4 |    29 |    54 |    37 ||   124
